 Dungeon Crawl Stone Soup version 0.32-a0-576-g706899e69d (webtiles) character file.

Game seed: 10049875176736449877

2 Aldia the Chopper (level 1, -1/13 HPs)
             Began as a Human Wanderer on Mar 2, 2024.
             Slain by a kobold
             ... wielding a +0 short sword
              (3 damage)
             ... on level 1 of the Dungeon.
             The game lasted 00:00:24 (87 turns).

Aldia the Chopper (Human Wanderer)                    Turns: 87, Time: 00:00:25

Health: -1/13      AC:  2    Str: 10    XL:     1   Next: 40%
Magic:  2/2        EV: 11    Int: 15    God:
Gold:   0          SH:  0    Dex: 11    Spells: 1/2 levels left

rFire   . . .        a - +0 war axe
rCold   . . .        (no shield)
rNeg    . . .        d - +0 robe
rPois   .            (no helmet)
rElec   .            (no cloak)
rCorr   .            (no gloves)
SInv    .            (no boots)
Will    .....        (no amulet)
Stlth   +            (no ring)
HPRegen 0.22/turn    (no ring)
MPRegen 0.08/turn

%: no passive effects
@: no status effects
A: explore regen
a: no special abilities


You were on level 1 of the Dungeon.
You visited 1 branch of the dungeon, and saw 1 of its levels.

Inventory:

Hand Weapons
 a - a +0 war axe (weapon)
Armour
 d - a +0 robe (worn)
Wands
 b - a wand of flame (3)
Scrolls
 c - a scroll of butterflies
 e - a scroll of enchant weapon {unknown}
 g - a scroll of identify {unknown}
Potions
 f - 2 potions of might {unknown}


   Skills:
 + Level 0.2 Fighting
 * Level 5.0 Axes
 - Level 1.0 Throwing
 + Level 1.1 Armour
 - Level 1.0 Spellcasting
 - Level 1.0 Ice Magic
 - Level 1.0 Evocations


You had one spell level left.
You knew the following spells:

 Your Spells              Type           Power      Damage    Failure   Level
a - Freeze                Ice            12%        1d3       16%         1

Your spell library contained the following spells:

 Spells                   Type           Power      Damage    Failure   Level
 Ozocubu's Armour         Ice            3%         N/A       43%         3


Dungeon Overview and Level Annotations

Branches:
Dungeon (1/15)

Altars:


Innate Abilities, Weirdness & Mutations

You regain HP and MP as you explore.


Message History

You closely miss the bat.
The bat is moderately wounded.
You barely miss the hobgoblin. The bat barely misses you. The bat hits you.
The hobgoblin closely misses you.
The kobold throws a stone.
The stone barely misses you. The bat barely misses you.
You hit the bat.
You kill the bat!
You barely miss the hobgoblin.
The hobgoblin hits you but does no damage.
The kobold hits you with a +0 short sword.
The hobgoblin hits you but does no damage.
You hit the hobgoblin.
The hobgoblin is almost dead.
You barely miss the kobold. The hobgoblin barely misses you.
The kobold barely misses you.
You barely miss the hobgoblin.
The hobgoblin is almost dead.
You hit the kobold. The hobgoblin hits you.
* * * LOW HITPOINT WARNING * * *
The kobold hits you with a +0 short sword.
* * * LOW HITPOINT WARNING * * *
You are too injured to fight recklessly!
You are too injured to fight recklessly!
You are too injured to fight recklessly!
You are too injured to fight recklessly!
You closely miss the kobold.
The kobold is severely wounded.
You hit the hobgoblin.
You kill the hobgoblin!
The kobold closely misses you.
You hit the kobold but do no damage.
The kobold is severely wounded.
The kobold misses you. The kobold barely misses you.
You hit the kobold but do no damage.
The kobold is severely wounded.
The kobold closely misses you.
You barely miss the kobold.
The kobold is moderately wounded.
The kobold hits you with a +0 short sword.
You die...

#♣#♣♣ #...≈≈≈≈...# #...
############ #.## ..#
#.# #.# #.# #.# #.# #.#
#.# #.# #.# #.# #.#
#.##@#############.#
#...K..............#
........###############
####..### ..... ....#
#####


You could see a kobold.

Vanquished Creatures
  A bat (D:1)
  A hobgoblin (D:1)
2 creatures vanquished.

Notes
Turn   | Place    | Note
-------+----------+-------------------------------------------
     0 | D:1      | Aldia the Human Wanderer began the quest for the Orb.
     0 | D:1      | Aldia set off with the following items: a +0 war axe, a
                  | wand of flame (3), a scroll of butterflies, a +0 robe; and
                  | the following spell memorised: Freeze; and the following
                  | spells available to memorise: Ozocubu's Armour.
     0 | D:1      | Reached XP level 1. HP: 13/13 MP: 2/2
    87 | D:1      | Slain by a kobold

Illustrated notes

Levels and vault maps discovered:
D:1:      scummos_arrival_gate, layout_loops_ring, minmay_heptomino_d4

Action                     || total
---------------------------++-------
  Melee: War axe           ||    10
 Armour: Robe              ||    12
  Dodge: Dodged            ||    14

Table legend: (Time is in decaauts)
 A = Elapsed time spent in this place.
 B = Non-inter-level travel time spent in this place.
 C = Inter-level travel time spent in this place.
 D = Time resting spent in this place.
 E = Time spent auto-exploring this place.
 F = Levels seen in this place.
 G = Mean time per level.
                   A        B        C        D        E       F      G
               +--------+--------+--------+--------+--------+-----+--------+
         Total |     89 |     89 |      0 |      0 |     69 |   1 |   89.0 |
       Dungeon |     89 |     89 |      0 |      0 |     69 |   1 |   89.0 |
               +--------+--------+--------+--------+--------+-----+--------+

Top non-repeatable levels by time:
     D:1: 89 daAuts
